 Dungeon Crawl Stone Soup version 0.30-a0-51-g784eafce7f (webtiles) character file.

Game seed: 4699622676808018586

65 BritishOli the Trooper (level 3, 0/29 HPs)
             Began as a Demonspawn Fighter on Sept 6, 2022.
             Killed from afar by an orc wizard (7 damage)
             ... with a magic dart
             ... on level 2 of the Dungeon.
             The game lasted 00:01:47 (2334 turns).

BritishOli the Trooper (Demonspawn Fighter)         Turns: 2334, Time: 00:01:48

Health: 0/29       AC:  8    Str: 18    XL:     3   Next: 92%
Magic:  3/3        EV:  9    Int:  9    God:
Gold:   35         SH:  0    Dex: 12    Spells: 2/2 levels left

rFire   . . .      SeeInvis .    a - +0 long sword
rCold   . . .      Faith    .    c - +0 buckler
rNeg    . . .      Spirit   .    b - +0 scale mail
rPois   .          Reflect  .    (no helmet)
rElec   .          Harm     .    m - +0 cloak
rCorr   .          Rampage  .    (no gloves)
Will    .....                    (no boots)
Stlth   ..........               (no amulet)
HPRegen 0.09/turn                (no ring)
MPRegen 0.08/turn                (no ring)

@: confused
A: demonic touch 2
a: no special abilities


You were on level 2 of the Dungeon.
You visited 1 branch of the dungeon, and saw 3 of its levels.

You collected 35 gold pieces.

Inventory:

Hand Weapons
 a - a +0 long sword (weapon)
Armour
 b - a +0 scale mail (worn)
 c - a +0 buckler (worn)
 m - a +0 cloak (worn)
Scrolls
 e - 2 scrolls of teleportation {unknown}
 f - a scroll of amnesia {unknown}
 h - a scroll of immolation {unknown}
 j - a scroll of fear {unknown}
 n - a scroll of fog {unknown}
 p - a scroll of identify {unknown}
 r - a scroll of poison {unknown}
Potions
 d - a potion of might
 g - a potion of invisibility {unknown}
 i - a potion of flight {unknown}
 k - a potion of curing {unknown}
 l - a potion of attraction {unknown}
 o - 2 potions of brilliance {unknown}
 q - a potion of degeneration {unknown}


   Skills:
 + Level 3.5 Fighting
 + Level 2.4 Long Blades
 - Level 3.2 Armour
 - Level 3.2 Shields


You had 2 spell levels left.
You didn't know any spells.
Your spell library contained the following spells:

 Spells                   Type           Power      Damage    Failure   Level
 Summon Small Mammal      Summ           0%         N/A       86%         1
 Call Canine Familiar     Summ           0%         N/A       99%         3
 Gell's Gravitas          Tloc           0%         N/A       99%         3
 Summon Guardian Golem    Hex/Summ       0%         N/A       99%         3
 Teleport Other           Tloc           0%         N/A       99%         3
 Dispersal                Tloc           0%         N/A       100%        6


Dungeon Overview and Level Annotations

Branches:
Dungeon (3/15)

Altars:


Innate Abilities, Weirdness & Mutations

Your touch may inflict irresistible damage on your foes.


Message History

The orc wizard hits you but does no damage.
You climb upwards.
Reactivating autopickup.
There is a stone staircase leading down here.
You closely miss the orc wizard.
The orc wizard points at you and mumbles some strange words.
You resist with significant effort.
You closely miss the orc wizard.
The orc wizard hits you but does no damage.
You miss the orc wizard.
The orc wizard points at you and mumbles some strange words.
You resist with significant effort.
You barely miss the orc wizard.
The orc wizard hits you with a +0 dagger.
You block the orc wizard's attack.
You slash the orc wizard!
The orc wizard is heavily wounded.
The orc wizard completely misses you.
You hit the orc wizard.
The orc wizard is almost dead.
The orc wizard gestures at you while chanting.
The magic dart hits you.
You barely miss the orc wizard.
The orc wizard is almost dead.
The orc wizard casts a spell at you. The puff of flame hits you!
* * * LOW HITPOINT WARNING * * *
The orc wizard casts a spell at you.
You are confused.
You closely miss the orc wizard.
The orc wizard is almost dead.
The orc wizard misses you.
You bump into the rock wall.
The orc wizard hits you but does no damage.
The orc wizard points at you and mumbles some strange words.
You are more confused.
The orc wizard closely misses you.
The orc wizard points at you and mumbles some strange words.
The magic dart hits you!
You die...

####### ##### #. #>....#
#...# #. #.....###
#...### #. #.....+.#
#...'.# #.
#.....#.###...#.# ###.
###'#...>..##.#.# #...
#.#......##(#.# #.#.
#.#..o..).#.#.# #.#.
#.#.@.....#.#.####.#.
#.#.......#.#........
#.#.......#.######...
#####.#####...#........##
#...#.# ############.#
#...#.# #.#
#...#.################.##
#...#....................
#...##################.#.


You could see an orc wizard.

Vanquished Creatures
  Jessica (D:2)
  A worm (D:2)
  A dart slug (D:2)
  An orc (D:3)
  4 endoplasms
  A giant cockroach (D:1)
  3 goblins
  2 hobgoblins
  2 kobolds (D:1)
  2 quokkas (D:2)
  4 ball pythons
  3 bats
  4 frilled lizards
  5 rats
34 creatures vanquished.

Notes
Turn   | Place    | Note
-------+----------+-------------------------------------------
     0 | D:1      | BritishOli the Demonspawn Fighter began the quest for the
                  | Orb.
     0 | D:1      | Reached XP level 1. HP: 18/18 MP: 1/1
   205 | D:1      | Gained mutation: Your touch may inflict minor irresistible
                  | damage on your foes. [demonic ancestry]
   205 | D:1      | Reached XP level 2. HP: 7/24 MP: 2/2
  1422 | D:2      | Noticed Jessica
  1430 | D:2      | Killed Jessica
  1431 | D:2      | Gained mutation: Your touch may inflict irresistible damage
                  | on your foes. [demonic ancestry]
  1431 | D:2      | Reached XP level 3. HP: 24/29 MP: 3/3
  2334 | D:2      | Killed from afar by an orc wizard

Illustrated notes

Levels and vault maps discovered:
D:1:      dpeg_arrival_refuge, layout_loops_ring, minmay_misc_feat_square
D:2:      layout_basic, uniq_jessica
D:3:      layout_basic, nicolae_overflow_ecumenical_swirl, serial_shops,
          nicolae_shop_stone, basic_ecumenical_altar

Skill      XL: |  1  2 |
---------------+-------+-----
Long Blades    | 2 |  2.4
Shields        | 3 |  3.2
Armour         | 3 |  3.2
Fighting       | |  3.5

Action                   || total
-------------------------++-------
Melee: Long sword        ||   123
Armor: Scale mail        ||    70
Dodge: Dodged            ||    62
Block: Buckler           ||    32

Table legend: (Time is in decaauts)
 A = Elapsed time spent in this place.
 B = Non-inter-level travel time spent in this place.
 C = Inter-level travel time spent in this place.
 D = Time resting spent in this place.
 E = Time spent auto-exploring this place.
 F = Levels seen in this place.
 G = Mean time per level.
                   A        B        C        D        E       F      G
               +--------+--------+--------+--------+--------+-----+--------+
         Total |   2374 |   2229 |    145 |      0 |   1923 |   3 |  791.3 |
       Dungeon |   2374 |   2229 |    145 |      0 |   1923 |   3 |  791.3 |
               +--------+--------+--------+--------+--------+-----+--------+

Top non-repeatable levels by time:
     D:2: 1492 daAuts
     D:1: 859 daAuts
     D:3: 22 daAuts
